 Dungeon Crawl Stone Soup version 0.31-a0-977-gc230f8ef24 (webtiles) character file.

Game seed: 4221934971831666209

1362 Zonian the Magician (level 8, -1/41 HPs)
             Began as a Deep Elf Conjurer on Oct 30, 2023.
             Was a Follower of Vehumet.
             Slain by Prince Ribbit (18 damage)
             ... on level 6 of the Dungeon.
             The game lasted 00:14:28 (7862 turns).

Zonian the Magician (Deep Elf Conjurer)             Turns: 7862, Time: 00:14:29

Health: -1/41      AC:  4    Str:  6    XL:     8   Next: 37%
Magic:  17/20      EV: 19    Int: 24    God:    Vehumet [*.....]
Gold:   71         SH:  0    Dex: 13    Spells: 11/21 levels left

rFire   . . .        m - +3 dagger (venom)
rCold   . . .        (no shield)
rNeg    . . .        a - +0 robe
rPois   .            (no helmet)
rElec   .            e - +0 cloak
rCorr   .            n - +0 pair of gloves
SInv    .            (no boots)
Will    .....        B - amulet of magic regeneration
Stlth   +++          s - ring of wizardry
HPRegen 0.26/turn    A - +5 ring of evasion
MPRegen 0.57/turn

%: wizardry (x1)
@: no status effects
A: no striking features
a: Renounce Religion


You were on level 6 of the Dungeon.
You worshipped Vehumet.
Vehumet was aware of your devotion.
You visited 2 branches of the dungeon, and saw 7 of its levels.

You collected 315 gold pieces.
You spent 244 gold pieces at shops.

Inventory:

Hand Weapons
 h - a +8 club
 i - a +0 short sword
 j - a +1 heavy spear
 l - a +2 dagger of flaming
 m - a +3 dagger of venom (weapon)
 o - a +0 sling
 v - a +1 falchion of electrocution
 G - a +2 whip of pain
Missiles
 d - 3 throwing nets
Armour
 a - a +0 robe (worn)
 c - a scarf of invisibility
 e - a +0 cloak (worn)
 n - a +0 pair of gloves (worn)
 F - a +0 kite shield
Magical Staves
 k - a staff of poison
Jewellery
 s - a ring of wizardry (left hand)
 u - a +6 ring of dexterity
 y - a ring of poison resistance
 A - a +5 ring of evasion (right hand)
 B - an amulet of magic regeneration (around neck)
Wands
 g - a wand of acid (6)
 C - a wand of charming (5)
Scrolls
 r - 2 scrolls of teleportation
 t - 2 scrolls of poison
 z - a scroll of blinking
Potions
 b - 2 potions of magic
 f - 2 potions of heal wounds
 p - a potion of curing
 q - 3 potions of lignification
 w - a potion of haste {unknown}
 x - a potion of resistance {unknown}
 D - a potion of degeneration {unknown}
 E - a potion of might {unknown}


   Skills:
 + Level 6.3 Dodging
 + Level 7.0 Stealth
 + Level 7.1 Spellcasting
 + Level 7.0 Conjurations
 + Level 2.5 Translocations


You had 11 spell levels left.
You knew the following spells:

 Your Spells              Type           Power      Damage    Failure   Level
a - Magic Dart            Conj           100%       1d8       1%          1
b - Searing Ray           Conj           84%        2d7       1%          2
c - Dazzling Flash        Conj/Hex       50%        N/A       1%          3
d - Iskenderun's Mystic   Conj/Tloc      31%        2d8       4%          4

Your spell library contained the following spells:

 Spells                   Type           Power      Damage    Failure   Level
 Shock                    Conj/Air       100%       1d9       1%          1
 Kiss of Death            Conj/Necr      100%       2d13      1%          1
 Fulminant Prism          Conj/Hex       12%        3d9       7%          4
 Call Canine Familiar     Summ           8%         N/A       9%          3
 Confusing Touch          Hex            8%         N/A       9%          3
 Sigil of Binding         Hex            8%         N/A       9%          3
 Dimensional Bullseye     Hex/Tloc       7%         N/A       16%         4
 Dispel Undead            Necr           8%         3d8       26%         4
 Leda's Liquefaction      Hex/Erth       4%         N/A       26%         4


Dungeon Overview and Level Annotations

Branches:
Dungeon (6/15)             Temple (1/1) D:4

Altars:
Ashenzari
Dithmenos
Elyvilon
Fedhas
Gozag
Hepliaklqana
Kikubaaqudgha
Makhleb
Nemelex Xobeh
Okawaru
Qazlal
Ru
Trog
Vehumet
Wu Jian
Yredelemnul
Zin
The Shining One

Shops:
D:4 *

Annotations:
D:6 Prince Ribbit


Message History

The sky beast completely misses you.
Unknown command.
The searing ray hits the sky beast!
You kill the sky beast!
Vehumet accepts your kill.
You finish channelling your searing ray.
Your Stealth skill increases to level 7!
Your Conjurations skill increases to level 7!
Unknown command.
You start resting.
Magic restored.
You start resting.
HP restored.
Unknown command.
Prince Ribbit gives a loud, deep croak!
Unknown command.
Casting: Searing Ray (safe; 1% risk of failure)
Confirm with . or Enter, or press ? or * to list all spells.
Aiming: Searing Ray (safe; 1% risk of failure)
Press: ? - help, Shift-Dir - straight line, f - Prince Ribbit
Aim: Prince Ribbit (68% to hit)
The searing ray hits Prince Ribbit!
Prince Ribbit is lightly wounded. (Press . to maintain the ray.) Prince Ribbit hits you!
Prince Ribbit misses you.
The searing ray hits Prince Ribbit!
Prince Ribbit is moderately wounded.
Prince Ribbit hits you!
Unknown command.
The searing ray hits Prince Ribbit!
Prince Ribbit is severely wounded.
Prince Ribbit hits you but does no damage.
Unknown command.
The searing ray hits Prince Ribbit!
Prince Ribbit is almost dead.
You finish channelling your searing ray.
Prince Ribbit misses you.
Prince Ribbit says, "You're just another fly to me."
Prince Ribbit hits you!!
You die...

#..###
###.....#.##
##...#
####...##..#.# ##
###.#
#^........##.# )..
#.# #.#.########.#
#..###.# #...# #.#
#.....######..##
#.#
####....##....##
#.#
##..........###
#.# ##.##..#.#@F.#
#.# #.#..##.###.#
#.# ..
####...##..# ..#
#.# #.##.....##..#
#.## #.#
##....##.....# #..
#.#
......<.##..###..#
#.#####
.######.##..#...#
##.....##
##...>...##
##.......##
.#####...#.#.##
#.........#


You could see Prince Ribbit.

Vanquished Creatures
  A sky beast (D:6)
  2 ogres (D:5)
  2 centaurs (D:5)
  2 bullfrogs
  A scorpion (D:5)
  A gnoll sergeant (D:6)
  An orc priest (D:4)
  A hound (D:5)
  2 jellies
  Jessica (D:2)
  3 iguanas
  Ijyb (D:4)
  An orc wizard (D:4)
  12 adders
  19 gnolls
  A shadow imp (D:6)
  2 dart slugs
  17 orcs
  6 bats
  5 endoplasms
  3 giant cockroaches
  15 goblins
  10 hobgoblins
  10 jackals
  2 quokkas
  6 ball pythons
  3 frilled lizards
  4 kobolds
  7 rats
  A spectral kobold (D:1)
142 creatures vanquished.

Notes
Turn   | Place    | Note
-------+----------+-------------------------------------------
     0 | D:1      | Zonian the Deep Elf Conjurer began the quest for the Orb.
     0 | D:1      | Reached XP level 1. HP: 10/10 MP: 6/6
   457 | D:1      | Found a faded altar of an unknown god.
   602 | D:1      | Reached XP level 2. HP: 15/15 MP: 1/8
  1362 | D:1      | Reached XP level 3. HP: 13/19 MP: 2/10
  1792 | D:2      | Noticed Jessica
  1796 | D:2      | Killed Jessica
  1831 | D:2      | Reached XP level 4. HP: 24/24 MP: 5/11
  2441 | D:2      | Reached skill level 5 in Conjurations
  2630 | D:2      | Found an ancient bone altar of Kikubaaqudgha.
  2794 | D:2      | Reached XP level 5. HP: 28/28 MP: 9/13
  4035 | D:3      | Learned a level 2 spell: Searing Ray
  4317 | D:3      | Reached XP level 6. HP: 32/32 MP: 11/15
  4491 | D:3      | Found a stormy altar of Qazlal.
  4559 | D:4      | Found a shadowy altar of Dithmenos.
  4588 | D:4      | Reached skill level 5 in Spellcasting
  4741 | D:4      | Found a staircase to the Ecumenical Temple.
  4758 | Temple   | Entered the Ecumenical Temple
  4774 | Temple   | Became a worshipper of Vehumet
  4811 | D:4      | Learned a level 3 spell: Dazzling Flash
  4822 | D:4      | Reached skill level 5 in Stealth
  5110 | D:4      | Noticed Ijyb
  5126 | D:4      | Killed Ijyb
  5406 | D:4      | Found Juzijasm's Assorted Antiques.
  5413 | D:4      | Bought a glowing golden potion for 22 gold pieces
  5413 | D:4      | Bought a scroll of teleportation for 75 gold pieces
  5413 | D:4      | Bought a potion of heal wounds for 125 gold pieces
  5413 | D:4      | Bought a black potion for 22 gold pieces
  5428 | D:5      | Entered Level 5 of the Dungeon
  5706 | D:5      | Found an opulent altar of Gozag.
  5847 | D:5      | Reached skill level 5 in Dodging
  5847 | D:5      | Reached XP level 7. HP: 16/36 MP: 14/17
  6233 | D:5      | Learned a level 4 spell: Iskenderun's Mystic Blast
  6319 | D:5      | Reached * piety under Vehumet
  6319 | D:5      | Offered knowledge of Shock by Vehumet.
  6784 | D:5      | Reached skill level 1 in Translocations
  7111 | D:5      | Reached XP level 8. HP: 41/41 MP: 14/20
  7367 | D:6      | Identified the "Emurenin"
  7367 | D:6      | Identified the "Sammesme"
  7367 | D:6      | Identified the of Qefoaph
  7724 | D:6      | Noticed Prince Ribbit
  7862 | D:6      | Slain by Prince Ribbit

Illustrated notes

Levels and vault maps discovered:
D:1:      dpeg_arrival_rooms_b, layout_basic,
          dreamdust_ecumenical_altar_drowned_temple,
          chequers_serial_rivers_micro_a
D:2:      cheibrodos_greedy_goblins, layout_rooms, basic_altar,
          minmay_misc_feat_rugged, minmay_misc_feat_ornament, uniq_jessica
D:3:      layout_rooms, lemuel_coloured_pillars_altar, minmay_between
D:4:      layout_basic, nicolae_dithmenos_through_a_glass_darkly,
          minmay_temple_entry_glass, serial_shops, shop, corexii_corridor_pit,
          uniq_ijyb
D:5:      layout_loops_corners, kennysheep_mini_moat, kennysheep_path_1,
          minivault_5
D:6:      layout_rooms, nicolae_sif_muna_little_library,
          nicolae_overflow_squiral, uniq_prince_ribbit1, uniq_sigmund
Temple:   zaba_magenta_temple

Skill      XL: |  1  2  3  4  5  6  7  8 |
---------------+-------------------------+-----
Dodging        | 3 4 5 6 |  6.3
Stealth        | 3 4 5 6 7 |  7.0
Spellcasting   | 4 5 6 7 |  7.1
Conjurations   | 5 6 7 |  7.0
Translocations | 1 2 |  2.5

Action                     |  1- 3 |  4- 6 |  7- 9 || total
---------------------------+-------+-------+-------++-------
  Melee: Dagger            |       |    17 |     7 ||    24
         Club              |       |     1 |       ||     1
   Cast: Magic Dart        |    62 |   209 |    75 ||   346
         Searing Ray       |       |     1 |    12 ||    13
    Use: Scroll            |       |     5 |     5 ||    10
         Potion            |       |       |     1 ||     1
   Stab: Sleeping          |       |     1 |       ||     1
 Armour: Robe              |     8 |    30 |    18 ||    56
  Dodge: Dodged            |    10 |    56 |    33 ||    99

Table legend: (Time is in decaauts)
 A = Elapsed time spent in this place.
 B = Non-inter-level travel time spent in this place.
 C = Inter-level travel time spent in this place.
 D = Time resting spent in this place.
 E = Time spent auto-exploring this place.
 F = Levels seen in this place.
 G = Mean time per level.
                   A        B        C        D        E       F      G
               +--------+--------+--------+--------+--------+-----+--------+
         Total |   7878 |   7470 |    408 |   2392 |   3997 |   7 | 1125.4 |
       Dungeon |   7849 |   7441 |    408 |   2392 |   3997 |   6 | 1308.2 |
        Temple |     29 |     29 |      0 |      0 |      0 |   1 |   29.0 |
               +--------+--------+--------+--------+--------+-----+--------+

Top non-repeatable levels by time:
     D:1: 2277 daAuts
     D:5: 1938 daAuts
     D:3: 1184 daAuts
     D:2: 1102 daAuts
     D:4: 850 daAuts
     D:6: 494 daAuts
  Temple: 29 daAuts
